TOP OF THE 1ST |
Kalamazoo Royale with Cheese batting - Pitching for Maui Tropics : RHP Hokusai Nakashima
|
Pitching: RHP Hokusai Nakashima
|
|
Batting: SHB Jack Fountain
|
0-0: Ball 1-0: Ground out 4-3 (Groundball, 4)
|
Batting: RHB Run-ming Zhu
|
0-0: Called Strike 0-1: Called Strike 0-2: Ground out 5-3 (Groundball, 56)
|
Batting: LHB Jacob Wright
|
0-0: Foul Ball, location: 2F 0-1: Ball 1-1: Called Strike 1-2: Foul Ball, location: 2F 1-2: Ground out 6-3 (Groundball, 6M)
|
Top of the 1st over - 0 run(s), 0 hit(s), 0 error(s), 0 left on base; Kalamazoo 0 - Maui 0 |
BOTTOM OF THE 1ST |
Maui Tropics batting - Pitching for Kalamazoo Royale with Cheese : RHP Ron Eager
|
Pitching: RHP Ron Eager
|
|
Batting: LHB Mario Olivares
|
0-0: Swinging Strike 0-1: Foul Ball, location: 2F 0-2: SINGLE (Line Drive, 8LS)
|
Batting: LHB Juan Jose Rojas
|
0-0: Ball 1-0: Foul Ball, location: 2F 1-1: Called Strike 1-2: Ball 2-2: Fly out, F7 (Flyball, 7M) 2-2: Fly out, F7 (Flyball, 7M)
|
Batting: RHB Jesús Espinoza
|
0-0: Foul Ball, location: 2F 0-1: Fly out, F8 (Flyball, 8RD)
|
Batting: LHB Luis Antonio Torres
|
0-0: Ball Mario Olivares steals 2nd base 1-0: Ball 2-0: Ball 3-0: Called Strike 3-1: Ground out 4-3 (Groundball, 4)
|
Bottom of the 1st over - 0 run(s), 1 hit(s), 0 error(s), 1 left on base; Kalamazoo 0 - Maui 0 |
TOP OF THE 2ND |
Kalamazoo Royale with Cheese batting - Pitching for Maui Tropics : RHP Hokusai Nakashima
|
Batting: LHB Stan Hickman
|
0-0: Ball 1-0: Ball 2-0: Foul Ball, location: 2F 2-1: Ball 3-1: Base on Balls
|
Batting: LHB Ben Moss
|
0-0: Called Strike 0-1: Ball 1-1: Ball 2-1: Fly out, F8 (Flyball, 78D)
|
Batting: LHB Jack Hewat
|
0-0: Foul Ball, location: 2F 0-1: Ball 1-1: Foul Ball, location: 2F 1-2: Ball 2-2: Ball 3-2: Foul Ball, location: 2F 3-2: DOUBLE (Line Drive, 78M) Stan Hickman to third
|
Batting: RHB Roberto Ordóńez
|
0-0: Ground out 5-3 (Groundball, 56) Stan Hickman scores
|
Batting: RHB Matt Perkins
|
0-0: Ball 1-0: Ball 2-0: Foul Ball, location: 2F 2-1: Fly out, F9 (Popup, 9S)
|
Top of the 2nd over - 1 run(s), 1 hit(s), 0 error(s), 1 left on base; Kalamazoo 1 - Maui 0 |
BOTTOM OF THE 2ND |
Maui Tropics batting - Pitching for Kalamazoo Royale with Cheese : RHP Ron Eager
|
Batting: LHB Henry Huffman
|
0-0: Called Strike 0-1: Called Strike 0-2: Foul Ball, location: 2F 0-2: Ball 1-2: Fly out, F5 (Popup, 56S)
|
Batting: RHB Damian Yates
|
0-0: Called Strike 0-1: Ball 1-1: Called Strike 1-2: Ball 2-2: SINGLE (Line Drive, 8RS)
|
Batting: RHB Ximena Campos
|
0-0: Called Strike 0-1: Ball 1-1: Ball 2-1: Ball 3-1: Foul Ball, location: 2F 3-2: Foul Ball, location: 2F 3-2: Base on Balls Damian Yates to second
|
Batting: LHB Javier Espinoza
|
0-0: Ball 1-0: Ball 2-0: Ground out 5-3 (Groundball, 56S) Damian Yates to third Ximena Campos to second
|
Batting: RHB Pat Haynes
|
0-0: Ball 1-0: SINGLE (Groundball, 6M) Damian Yates scores Ximena Campos to third Runner from 3rd tries for Home, SAFE, no throw or cutoff
|
Batting: LHB Mario Olivares
|
0-0: Called Strike 0-1: Ball 1-1: Called Strike 1-2: SINGLE (Groundball, 4MD) Pat Haynes to second
|
Batting: LHB Juan Jose Rojas
|
0-0: Ball 1-0: Ball 2-0: Ball 3-0: Fly out, F8 (Flyball, 8LD)
|
Bottom of the 2nd over - 2 run(s), 3 hit(s), 0 error(s), 2 left on base; Kalamazoo 1 - Maui 2 |
TOP OF THE 3RD |
Kalamazoo Royale with Cheese batting - Pitching for Maui Tropics : RHP Hokusai Nakashima
|
Batting: LHB Dave Pitts
|
0-0: Ball 1-0: Ball 2-0: Foul Ball, location: 2F 2-1: Foul Ball, location: 2F 2-2: Foul Ball, location: 2F 2-2: Ball 3-2: Ground out 4-3 (Groundball, 4)
|
Batting: SHB Jack Fountain
|
0-0: Called Strike 0-1: Ball 1-1: Foul Ball, location: 2F 1-2: Foul Ball, location: 2F 1-2: Fly out, F8 (Flyball, 8LS)
|
Batting: RHB Run-ming Zhu
|
0-0: Called Strike 0-1: Foul Ball, location: 2F 0-2: Ball 1-2: Foul Ball, location: 2F 1-2: Fly out, F8 (Flyball, 8RM)
|
Top of the 3rd over - 0 run(s), 0 hit(s), 0 error(s), 0 left on base; Kalamazoo 1 - Maui 2 |
BOTTOM OF THE 3RD |
Maui Tropics batting - Pitching for Kalamazoo Royale with Cheese : RHP Ron Eager
|
Batting: RHB Jesús Espinoza
|
0-0: Called Strike 0-1: Swinging Strike 0-2: Ball 1-2: Ball 2-2: Strikes out swinging, 2-3 out at first.
|
Batting: LHB Luis Antonio Torres
|
0-0: Called Strike 0-1: Ball 1-1: SINGLE (Line Drive, 78M)
|
Batting: LHB Henry Huffman
|
0-0: Ball 1-0: Called Strike 1-1: Fielders Choice at 2nd, 6-4 (Groundball, 6)
|
Batting: RHB Damian Yates
|
0-0: Ball 1-0: Ball 2-0: Foul Ball, location: 2F 2-1: SINGLE (Groundball, 5D) Henry Huffman to second
|
Batting: RHB Ximena Campos
|
0-0: Ball 1-0: Ball 2-0: Called Strike 2-1: Ball 3-1: Foul Ball, location: 2F 3-2: Base on Balls Henry Huffman to third Damian Yates to second
|
Batting: LHB Javier Espinoza
|
0-0: Ball 1-0: Fly out, F7 (Flyball, 7LM)
|
Bottom of the 3rd over - 0 run(s), 2 hit(s), 0 error(s), 3 left on base; Kalamazoo 1 - Maui 2 |
TOP OF THE 4TH |
Kalamazoo Royale with Cheese batting - Pitching for Maui Tropics : RHP Hokusai Nakashima
|
Batting: LHB Jacob Wright
|
0-0: Ball 1-0: Ball 2-0: Swinging Strike 2-1: Ball 3-1: Base on Balls
|
Batting: LHB Stan Hickman
|
0-0: Called Strike 0-1: Ball 1-1: Ball 2-1: Ball 3-1: Called Strike 3-2: Base on Balls Jacob Wright to second
|
Batting: LHB Ben Moss
|
0-0: Called Strike 0-1: Ball 1-1: Called Strike 1-2: Ball 2-2: Ball 3-2: Base on Balls Jacob Wright to third Stan Hickman to second
|
Batting: LHB Jack Hewat
|
0-0: Foul Ball, location: 2F 0-1: Ball 1-1: Foul Ball, location: 2F 1-2: Ball 2-2: Foul Ball, location: 2F 2-2: Foul Ball, location: 2F 2-2: Ball 3-2: Foul Ball, location: 2F 3-2: Foul Ball, location: 2F 3-2: Grounds out, U3 (Groundball, 3L) Jacob Wright scores Stan Hickman to third
|
Batting: RHB Roberto Ordóńez
|
0-0: Ball 1-0: Foul Ball, location: 2F 1-1: Ball 2-1: SINGLE (Groundball, 34D) Stan Hickman scores Ben Moss to third Runner from 3rd tries for Home, SAFE, throw made home
|
Batting: RHB Matt Perkins
|
0-0: Swinging Strike 0-1: Ball 1-1: Swinging Strike 1-2: Foul Ball, location: 2F 1-2: Strikes out swinging
|
Batting: LHB Dave Pitts
|
0-0: Ball 1-0: Swinging Strike 1-1: Ball 2-1: Ball 3-1: Base on Balls Roberto Ordóńez to second
|
Batting: SHB Jack Fountain
|
0-0: Ball 1-0: Ball 2-0: DOUBLE (Flyball, 8LD) Roberto Ordóńez scores Dave Pitts to third
|
Batting: RHB Run-ming Zhu
|
0-0: Swinging Strike 0-1: Ball 1-1: Ball 2-1: Ball 3-1: Foul Ball, location: 2F 3-2: Strikes out swinging
|
Top of the 4th over - 4 run(s), 2 hit(s), 0 error(s), 2 left on base; Kalamazoo 5 - Maui 2 |
BOTTOM OF THE 4TH |
Maui Tropics batting - Pitching for Kalamazoo Royale with Cheese : RHP Ron Eager
|
Batting: RHB Pat Haynes
|
0-0: Foul Ball, location: 2F 0-1: Ball 1-1: Ground out 4-3 (Groundball, 34D)
|
Batting: LHB Mario Olivares
|
0-0: Foul Ball, location: 2F 0-1: Ball 1-1: Foul Ball, location: 2F 1-2: Fly out, F9 (Line Drive, 89M)
|
Batting: LHB Juan Jose Rojas
|
0-0: Foul Ball, location: 2F 0-1: Ground out 6-3 (Groundball, 6)
|
Bottom of the 4th over - 0 run(s), 0 hit(s), 0 error(s), 0 left on base; Kalamazoo 5 - Maui 2 |
TOP OF THE 5TH |
Kalamazoo Royale with Cheese batting - Pitching for Maui Tropics : RHP Hokusai Nakashima
|
Batting: LHB Jacob Wright
|
0-0: Ball 1-0: Fly out, F8 (Flyball, 8LS)
|
Batting: LHB Stan Hickman
|
0-0: Ball 1-0: Ball 2-0: Foul Ball, location: 2F 2-1: Called Strike 2-2: Ball 3-2: Base on Balls
|
Batting: LHB Ben Moss
|
0-0: Foul Ball, location: 2F 0-1: Swinging Strike 0-2: Foul Ball, location: 2F 0-2: Ball 1-2: Strikes out swinging
|
Batting: LHB Jack Hewat
|
0-0: Ball 1-0: Called Strike 1-1: Foul Ball, location: 2F 1-2: Ball 2-2: Foul Ball, location: 2F 2-2: SINGLE (Groundball, 4M) Stan Hickman to second Runner from 2nd tries for 3rd, SAFE, throw made to third
|
Pitching: RHP Dave Riley
|
|
Batting: RHB Roberto Ordóńez
|
0-0: Ball 1-0: SINGLE (Groundball, 6MD) Stan Hickman scores Jack Hewat to second
|
Batting: RHB Matt Perkins
|
0-0: Foul Ball, location: 2F 0-1: Ball 1-1: SINGLE (Groundball, 6M) Jack Hewat to third Roberto Ordóńez to second Runner from 3rd tries for Home, SAFE, throw made home Roberto Ordóńez to third Matt Perkins to second
|
Batting: LHB Dave Pitts
|
0-0: Ball 1-0: SINGLE (Groundball, 6MD) Roberto Ordóńez scores Matt Perkins to third Runner from 3rd tries for Home, throw and OUT!
|
Top of the 5th over - 3 run(s), 4 hit(s), 0 error(s), 1 left on base; Kalamazoo 8 - Maui 2 |
BOTTOM OF THE 5TH |
Maui Tropics batting - Pitching for Kalamazoo Royale with Cheese : RHP Ron Eager
|
Batting: RHB Jesús Espinoza
|
0-0: Called Strike 0-1: Fly out, F9 (Line Drive, 9M)
|
Batting: LHB Luis Antonio Torres
|
0-0: Fly out, F9 (Flyball, 9M)
|
Batting: LHB Henry Huffman
|
0-0: Swinging Strike 0-1: Ball 1-1: Swinging Strike 1-2: Foul Ball, location: 2F 1-2: Strikes out looking
|
Bottom of the 5th over - 0 run(s), 0 hit(s), 0 error(s), 0 left on base; Kalamazoo 8 - Maui 2 |
TOP OF THE 6TH |
Kalamazoo Royale with Cheese batting - Pitching for Maui Tropics : RHP Dave Riley
|
Now in CF: Jung-ha Kim
|
|
Batting: SHB Jack Fountain
|
0-0: Ball 1-0: Ball 2-0: Swinging Strike 2-1: Ball 3-1: Called Strike 3-2: Ground out U3 (Groundball, 3)
|
Batting: RHB Run-ming Zhu
|
0-0: Ball 1-0: Ball 2-0: Called Strike 2-1: Ball 3-1: Called Strike 3-2: Base on Balls
|
Batting: LHB Jacob Wright
|
0-0: Called Strike 0-1: Foul Ball, location: 2F 0-2: Strikes out swinging
|
Batting: LHB Stan Hickman
|
0-0: Ball 1-0: Ball 2-0: Called Strike 2-1: Foul Ball, location: 2F 2-2: Foul Ball, location: 2F 2-2: Strikes out swinging
|
Top of the 6th over - 0 run(s), 0 hit(s), 0 error(s), 1 left on base; Kalamazoo 8 - Maui 2 |
BOTTOM OF THE 6TH |
Maui Tropics batting - Pitching for Kalamazoo Royale with Cheese : RHP Ron Eager
|
Batting: RHB Damian Yates
|
0-0: Ball 1-0: Ball 2-0: Ball 3-0: Called Strike 3-1: Foul Ball, location: 2F 3-2: Strikes out swinging
|
Batting: RHB Ximena Campos
|
0-0: Ball 1-0: Called Strike 1-1: Foul Ball, location: 2F 1-2: DOUBLE (Flyball, 78XD)
|
Batting: LHB Javier Espinoza
|
0-0: Ground out 6-3 (Groundball, 6)
|
Batting: RHB Pat Haynes
|
0-0: Ground out 5-3 (Groundball, 56)
|
Bottom of the 6th over - 0 run(s), 1 hit(s), 0 error(s), 1 left on base; Kalamazoo 8 - Maui 2 |
TOP OF THE 7TH |
Kalamazoo Royale with Cheese batting - Pitching for Maui Tropics : RHP Dave Riley
|
Batting: LHB Ben Moss
|
0-0: Ball 1-0: Ball 2-0: Foul Ball, location: 2F 2-1: Foul Ball, location: 2F 2-2: SINGLE (Groundball, 23) (infield hit)
|
Batting: LHB Jack Hewat
|
0-0: Called Strike 0-1: Ball 1-1: Ball 2-1: Ball 3-1: Base on Balls Ben Moss to second
|
Batting: RHB Roberto Ordóńez
|
0-0: Fly out, F3 (Popup, 3)
|
Batting: RHB Matt Perkins
|
0-0: Called Strike 0-1: Ball 1-1: Ball 2-1: Swinging Strike 2-2: Fly out, F4 (Popup, 34D)
|
Batting: LHB Dave Pitts
|
0-0: Ball 1-0: Foul Ball, location: 2F 1-1: Ball 2-1: Ball 3-1: Base on Balls Ben Moss to third Jack Hewat to second
|
Batting: SHB Jack Fountain
|
0-0: Ball 1-0: Ball 2-0: Ball Wild Pitch! Ben Moss scores Jack Hewat to third Dave Pitts to second 3-0: Called Strike 3-1: Called Strike 3-2: Foul Ball, location: 2F 3-2: Base on Balls
|
Batting: RHB Run-ming Zhu
|
0-0: Called Strike 0-1: Called Strike 0-2: Fly out, F8 (Flyball, 8LM)
|
Top of the 7th over - 1 run(s), 1 hit(s), 0 error(s), 3 left on base; Kalamazoo 9 - Maui 2 |
BOTTOM OF THE 7TH |
Maui Tropics batting - Pitching for Kalamazoo Royale with Cheese : RHP Ron Eager
|
Pitching: RHP Stan Stewart
|
|
Batting: RHB Jung-ha Kim
|
0-0: Ball 1-0: Ball 2-0: Called Strike 2-1: Foul Ball, location: 2F 2-2: Ball 3-2: Strikes out swinging
|
Batting: LHB Juan Jose Rojas
|
0-0: Called Strike 0-1: Ball 1-1: Ball 2-1: Foul Ball, location: 2F 2-2: SINGLE (Line Drive, 34D)
|
Batting: RHB Jesús Espinoza
|
0-0: Foul Ball, location: 2F 0-1: SINGLE (Groundball, 4MD) Juan Jose Rojas to second
|
Batting: LHB Luis Antonio Torres
|
0-0: Foul Ball, location: 2F 0-1: Ball 1-1: Ball 2-1: SINGLE (Groundball, 56D) Juan Jose Rojas to third Jesús Espinoza to second
|
Batting: LHB Henry Huffman
|
0-0: Ground out 4-3 (Groundball, 4M) Juan Jose Rojas scores Jesús Espinoza to third Luis Antonio Torres to second
|
Batting: RHB Damian Yates
|
0-0: Called Strike 0-1: Swinging Strike 0-2: Foul Ball, location: 2F 0-2: Ball 1-2: Ball 2-2: SINGLE (Groundball, 34D) Jesús Espinoza scores Luis Antonio Torres to third Runner from 3rd tries for Home, SAFE, no throw or cutoff
|
Batting: RHB Ximena Campos
|
0-0: Foul Ball, location: 2F 0-1: Called Strike 0-2: Strikes out swinging
|
Bottom of the 7th over - 3 run(s), 4 hit(s), 0 error(s), 1 left on base; Kalamazoo 9 - Maui 5 |
TOP OF THE 8TH |
Kalamazoo Royale with Cheese batting - Pitching for Maui Tropics : RHP Dave Riley
|
Pitching: RHP Tony Guerrero
|
|
Batting: LHB Jacob Wright
|
0-0: Fly out, F6 (Popup, 6)
|
Batting: LHB Stan Hickman
|
0-0: Called Strike 0-1: Called Strike 0-2: Foul Ball, location: 2F 0-2: Foul Ball, location: 2F 0-2: Foul Ball, location: 2F 0-2: Ball 1-2: Ground out U3 (Groundball, 3)
|
Batting: LHB Ben Moss
|
0-0: SOLO HOME RUN (Flyball, 9D), Distance : 350 ft
|
Batting: LHB Jack Hewat
|
0-0: Ball 1-0: Ball 2-0: Foul Ball, location: 2F 2-1: Ball 3-1: Base on Balls
|
Batting: RHB Roberto Ordóńez
|
0-0: Called Strike 0-1: Ball 1-1: Foul Ball, location: 2F 1-2: Ball 2-2: Fly out, F8 (Flyball, 8LM)
|
Top of the 8th over - 1 run(s), 1 hit(s), 0 error(s), 1 left on base; Kalamazoo 10 - Maui 5 |
BOTTOM OF THE 8TH |
Maui Tropics batting - Pitching for Kalamazoo Royale with Cheese : RHP Stan Stewart
|
Batting: LHB Javier Espinoza
|
0-0: Ball 1-0: Called Strike 1-1: Fly out, F7 (Flyball, 56D)
|
Batting: RHB Pat Haynes
|
0-0: Called Strike 0-1: Ball 1-1: Called Strike 1-2: Strikes out swinging
|
Batting: RHB Jung-ha Kim
|
0-0: Ball 1-0: Foul Ball, location: 2F 1-1: Ball 2-1: Fly out, F8 (Flyball, 8LXD)
|
Bottom of the 8th over - 0 run(s), 0 hit(s), 0 error(s), 0 left on base; Kalamazoo 10 - Maui 5 |
TOP OF THE 9TH |
Kalamazoo Royale with Cheese batting - Pitching for Maui Tropics : RHP Tony Guerrero
|
Batting: RHB Matt Perkins
|
0-0: Ball 1-0: Swinging Strike 1-1: SOLO HOME RUN (Line Drive, 8LXD), Distance : 409 ft
|
Batting: LHB Dave Pitts
|
0-0: Ball 1-0: Foul Ball, location: 2F 1-1: Ball 2-1: Ball 3-1: Base on Balls
|
Batting: SHB Jack Fountain
|
0-0: Bunted foul 0-1: Sac Bunt - play at first, batter safe! Dave Pitts to second
|
Batting: RHB Run-ming Zhu
|
0-0: Bunted foul 0-1: Sac Bunt - play at first, batter OUT! 6-4 Dave Pitts to third Jack Fountain to second
|
Batting: LHB Jacob Wright
|
0-0: Ball 1-0: Ball 2-0: Ball 3-0: Called Strike 3-1: Called Strike 3-2: Foul Ball, location: 2F 3-2: Base on Balls
|
Batting: LHB Stan Hickman
|
0-0: Fly out, F7 (Flyball, 7S)
|
Batting: LHB Ben Moss
|
0-0: Ball 1-0: Called Strike 1-1: Foul Ball, location: 2F 1-2: Ball 2-2: Foul Ball, location: 2F 2-2: Fly out, F7 (Flyball, 7M)
|
Top of the 9th over - 1 run(s), 2 hit(s), 0 error(s), 3 left on base; Kalamazoo 11 - Maui 5 |
BOTTOM OF THE 9TH |
Maui Tropics batting - Pitching for Kalamazoo Royale with Cheese : RHP Stan Stewart
|
Batting: LHB Juan Jose Rojas
|
0-0: Called Strike 0-1: SINGLE (Line Drive, 4D)
|
Batting: RHB Jesús Espinoza
|
0-0: Ground out 3-1 (Groundball, 34) Juan Jose Rojas to second
|
Batting: LHB Luis Antonio Torres
|
0-0: Ball 1-0: Ball 2-0: Ball 3-0: Called Strike 3-1: Base on Balls
|
Batting: LHB Henry Huffman
|
0-0: Called Strike 0-1: SINGLE (Flyball, 78S) Juan Jose Rojas to third Luis Antonio Torres to second
|
Batting: RHB Damian Yates
|
0-0: Called Strike 0-1: Ball 1-1: Swinging Strike 1-2: Ball 2-2: Foul Ball, location: 2F 2-2: Ball 3-2: Fly out, F4 (Popup, 4M)
|
Batting: RHB Ximena Campos
|
0-0: Called Strike 0-1: Ball 1-1: Fly out, F8 (Flyball, 8RD)
|
Bottom of the 9th over - 0 run(s), 2 hit(s), 0 error(s), 3 left on base; Kalamazoo 11 - Maui 5 |
|